 Dungeon Crawl Stone Soup version 0.29.1-1-gd02db6906a (webtiles) character file.

Game seed: 5940190887271569357

2224 safid the Skirmisher (level 9, -2/69 HPs)
             Began as a Minotaur Hunter on Sept 30, 2022.
             Was a Follower of Okawaru.
             Slain by an ogre
             ... wielding a +0 giant club
              (18 damage)
             ... on level 7 of the Dungeon.
             The game lasted 00:11:26 (6322 turns).

safid the Skirmisher (Minotaur Hunter)              Turns: 6322, Time: 00:11:26

Health: -2/69      AC: 10    Str: 16    XL:     9   Next: 13%
Magic:  8/8        EV: 12    Int:  6    God:    Okawaru [*.....]
Gold:   381        SH:  0    Dex: 18    Spells: 8/8 levels left

rFire   . . .      SeeInvis .   a - +0 shortbow
rCold   . . .      Faith    .   (shield currently unavailable)
rNeg    . . .      Spirit   .   c - +0 leather armour
rPois   +          Reflect  .   (helmet restricted)
rElec   .          Harm     .   t - +0 cloak
rCorr   +          Rampage  .   (no gloves)
Will    .....                   e - +1 pair of boots of Cigih {rCorr}
Stlth   ++........              (no amulet)
HPRegen 0.21/turn               j - +4 ring of protection
MPRegen 0.11/turn               v - ring of poison resistance

@: no status effects
A: horns 2, retaliatory headbutt
a: Renounce Religion, Heroism


You were on level 7 of the Dungeon.
You worshipped Okawaru.
Okawaru was aware of your devotion.
You visited 2 branches of the dungeon, and saw 8 of its levels.

You collected 381 gold pieces.

Inventory:

Hand Weapons
 a - a +0 shortbow (weapon)
Missiles
 f - 21 poisoned darts
 o - a throwing net
 s - 2 javelins
Armour
 c - a +0 leather armour (worn)
 e - the +1 pair of boots of Cigih (worn) {rCorr}
   (You acquired it on level 5 of the Dungeon)

   rCorr:     It protects you from acid and corrosion.
 t - a +0 cloak (worn)
Jewellery
 j - a +4 ring of protection (left hand)
 v - a ring of poison resistance (right hand)
 A - a ring of protection from fire
Wands
 m - a wand of roots (7)
 D - a wand of charming (10)
Scrolls
 b - 2 scrolls of immolation
 d - 6 scrolls of magic mapping
 g - a scroll of summoning
 i - a scroll of torment {unknown}
 q - a scroll of fog {unknown}
 r - a scroll of blinking {unknown}
 u - 3 scrolls of enchant weapon
 x - 2 scrolls of poison
 y - a scroll of amnesia {unknown}
 F - a scroll of enchant armour {unknown}
 G - a scroll of teleportation
 I - a scroll of fear {unknown}
Potions
 h - 3 potions of curing
 k - a potion of attraction {unknown}
 l - a potion of berserk rage {unknown}
 n - a potion of haste {unknown}
 p - 2 potions of mutation {unknown}
 z - a potion of lignification
 B - a potion of degeneration {unknown}
 C - a potion of magic {unknown}
 E - a potion of might {unknown}


   Skills:
 - Level 3.0 Fighting
 + Level 13.7 Ranged Weapons
 - Level 2.1 Dodging
 - Level 0.7 Stealth


You had 8 spell levels left.
You didn't know any spells.
Your spell library contained the following spells:

 Spells                   Type           Power      Damage    Failure   Level
 Apportation              Tloc           0%         N/A       52%         1
 Necrotise                Necr           0%         1d4       52%         1
 Frozen Ramparts          Ice            0%         1d1       88%         3
 Alistair's Intoxication  Tmut/Pois      0%         N/A       100%        5
 Conjure Ball Lightning   Conj/Air       0%         3x3d6     100%        6
 Discord                  Hex            0%         N/A       100%        8
 Disjunction              Tloc           0%         N/A       100%        8
 Summon Small Mammal      Summ           Unusable   N/A       N/A         1
 Summon Guardian Golem    Hex/Summ       Unusable   N/A       N/A         3
 Summon Cactus Giant      Summ           Unusable   N/A       N/A         6

Dungeon Overview and Level Annotations

Branches:
Dungeon (7/15)             Temple (1/1) D:6

Altars:
Dithmenos
Elyvilon
Nemelex Xobeh
Okawaru
Qazlal
Ru
Sif Muna
Wu Jian
Xom
Zin
The Shining One

Shops:
D:5 *


Innate Abilities, Weirdness & Mutations

You have a pair of horns on your head.
You reflexively headbutt those who attack you in melee.


Message History

The steam dragon misses you. You furiously retaliate!
You headbutt the steam dragon.
The steam dragon claws you but does no damage.
You shoot an arrow.
The arrow hits the steam dragon but does no damage.
The steam dragon is almost dead.
The steam dragon breathes steam at you. The ball of steam misses you.
You hear a shout! x2
You shoot an arrow.
The arrow hits the steam dragon but does no damage.
The steam dragon is almost dead.
You are engulfed in a cloud of scalding steam.
The steam dragon misses you. The steam dragon claws you.
You shoot an arrow. The arrow hits the steam dragon.
The steam dragon is almost dead.
The steam dragon closely misses you. x2
You shoot an arrow. The arrow hits the steam dragon!
You kill the steam dragon!
Okawaru accepts your kill.
You are engulfed in a cloud of scalding steam.
You shoot an arrow. The arrow hits the ogre!
The ogre is heavily wounded.
You are engulfed in a cloud of scalding steam.
The ogre hits you with a +0 giant club!!
* * * LOW HITPOINT WARNING * * *
You are too injured to fight recklessly!
You are too injured to fight recklessly!
Fire: a) +0 shortbow
Press: ? - help, Q - select action, (/) - cycle Shift-Dir - straight line, f/p - ogre
Aim: an ogre, wielding a +0 giant club (heavily wounded, 80% to hit)
You shoot an arrow. The arrow completely misses the ogre.
Unknown command.
Fire: a) +0 shortbow
Press: ? - help, Q - select action, (/) - cycle Shift-Dir - straight line, f/p - ogre
Aim: an ogre, wielding a +0 giant club (heavily wounded, 80% to hit)
You shoot an arrow. The arrow hits the ogre!
The ogre is almost dead.
The ogre hits you with a +0 giant club!!
You die...

#.####.##.## ....# ##...... #
#..........# #...###......#.#
##.#.#####.#.###...##......<#.#
#.# ###.#.#............))...
#.# .. .....#...##.......#.#
#.# .# #.#.......#.....##.#
#o##.##.#.†....##.##.......#
#........##O##........######
###..###.##@##......### #..#
#.##.##.######## #...Y
#.##.##.###8.._# #.##.#
#.........#....# #.. .."
##.....##.'....# #.. ...
#.....####..### #.# ##. #.....#
#8.#A# #.....# ###### #######


You could see an ogre.

Vanquished Creatures
  Eustachio (D:5)
  A steam dragon (D:7)
  Menkaure (D:5)
  An orc warrior (D:6)
  A black bear (D:6)
  An ice beast (D:6)
  2 ogres
  3 sky beasts (D:6)
  A kobold brigand (D:6)
  2 necrophages
  2 scorpions (D:6)
  3 bullfrogs
  3 hounds
  3 jellies
  A gnoll bouda (D:6)
  4 iguanas
  3 orc wizards
  4 adders
  10 gnolls
  2 dart slugs (D:1)
  7 orcs
  3 endoplasms
  5 giant cockroaches
  6 hobgoblins
  6 jackals
  16 kobolds
  5 quokkas
  11 ball pythons
  7 bats
  A frilled lizard (D:2)
  13 goblins
  8 rats
137 creatures vanquished.

Notes
Turn   | Place    | Note
-------+----------+-------------------------------------------
     0 | D:1      | safid the Minotaur Hunter began the quest for the Orb.
     0 | D:1      | Reached XP level 1. HP: 18/18 MP: 0/0
   473 | D:1      | Reached XP level 2. HP: 26/26 MP: 1/1
   766 | D:1      | Reached skill level 5 in Ranged Weapons
   844 | D:1      | Reached XP level 3. HP: 31/31 MP: 2/2
   873 | D:1      | Found a faded altar of an unknown god.
  1631 | D:2      | Reached skill level 6 in Ranged Weapons
  1631 | D:2      | Reached XP level 4. HP: 38/38 MP: 3/3
  2133 | D:3      | Reached XP level 5. HP: 40/45 MP: 4/4
  2180 | D:3      | Noticed an ogre
  2471 | D:3      | Found a sacrificial altar of Ru.
  2482 | D:3      | Killed an ogre
  2483 | D:3      | Reached skill level 7 in Ranged Weapons
  2576 | D:3      | Got the Secrets of Gathered Glaciation
  2780 | D:4      | Reached XP level 6. HP: 51/51 MP: 5/5
  2817 | D:4      | Reached skill level 8 in Ranged Weapons
  3454 | D:5      | Entered Level 5 of the Dungeon
  3543 | D:5      | Reached skill level 9 in Ranged Weapons
  3583 | D:5      | Reached XP level 7. HP: 37/57 MP: 6/6
  3796 | D:5      | Noticed Eustachio
  3810 | D:5      | HP: 1/57 [Eustachio/+0 falchion (7)]
  3813 | D:5      | Killed Eustachio
  3814 | D:5      | Reached skill level 10 in Ranged Weapons
  4065 | D:5      | Found Joczeeru's Gadget Gallery.
  4201 | D:5      | Identified the +2 cloak "Cotemoso" {rElec rF+ rC+ Dex-3}
  4267 | D:5      | Noticed Menkaure
  4274 | D:5      | Killed Menkaure
  4532 | D:5      | Identified a scroll of acquirement
  4534 | D:5      | Acquired the +1 pair of boots of Cigih {rCorr}
  4556 | D:6      | Reached XP level 8. HP: 63/63 MP: 7/7
  4591 | D:6      | Reached skill level 11 in Ranged Weapons
  4861 | D:6      | Found a shimmering blue altar of Sif Muna.
  4930 | D:6      | Reached skill level 12 in Ranged Weapons
  4937 | D:6      | Found a staircase to the Ecumenical Temple.
  4948 | Temple   | Entered the Ecumenical Temple
  4952 | Temple   | Became a worshipper of Warmaster Okawaru
  5689 | D:6      | Reached skill level 13 in Ranged Weapons
  5982 | D:6      | Reached * piety under Okawaru
  6000 | D:6      | Reached XP level 9. HP: 19/69 MP: 8/8
  6286 | D:7      | Noticed an angel
  6287 | D:7      | Found a glowing silver altar of Zin.
  6322 | D:7      | Slain by an ogre

Illustrated notes

Levels and vault maps discovered:
D:1:      dpeg_cavernosity, layout_loops_ring,
          shapermc_ecumenical_altar_mp_ritualfount, minmay_pentomino_o2
D:2:      minmay_chambers_of_twos, layout_basic, serial_bayou_pond_a
D:3:      layout_basic, nicolae_ru_sacrificial_ziggurat
D:4:      layout_basic, grunt_decor_fettered
D:5:      layout_gridville, nicolae_shop_gadgets, uniq_menkaure, uniq_eustachio
D:6:      layout_cave_pools, nicolae_sif_muna_condensation,
          minmay_temple_entry_ruins, minmay_misc_feat_diagonals
D:7:      layout_loops_cross, zin_angel, amcnicky_mini_pool_small, st_stairs_6,
          minmay_increasing_density
Temple:   nicolae_temple_bog_church

Skill      XL: |  1  2  3  4  5  6  7  8 |
---------------+-------------------------+-----
Fighting       | 3 |  3.0
Ranged Weapons | 5 6 7 9 10 13 | 13.7
Dodging        | |  2.1
Stealth        | |  0.7

Action                   |  1- 3 |  4- 6 |  7- 9 || total
-------------------------+-------+-------+-------++-------
Melee: Shortbow          |       |       |     1 ||     1
 Fire: Shortbow          |   117 |   149 |   228 ||   494
  Use: Scroll            |       |       |    10 ||    10
       Potion            |       |       |     4 ||     4
Armor: Leather armour    |    32 |    23 |   106 ||   161
       Skin              |       |       |     3 ||     3
Dodge: Dodged            |    52 |    39 |   126 ||   217
